 Dungeon Sprint DCSS version 0.31-a0-889-g1a8549509d (webtiles) character file.

Game seed: 14484569101376141146

5021 sircluck the Grappler (level 10, 0/110 (117) HPs)
             Began as a Troll Berserker on Oct 16, 2023.
             Was the Champion of Trog.
             Slain by an orc warrior
             ... wielding a +1 glaive of venom
              (6 damage)
             ... in the Dungeon (Sprint VII: "The Pits").
             The game lasted 00:02:47 (779 turns).

sircluck the Grappler (Troll Berserker)              Turns: 779, Time: 00:02:47

HP:   0/110 (117)   AC:  4    Str: 31    XL:     10   Next: 30%
MP:   9/9           EV: 13    Int:  3    God:    Trog [******]
Gold: 0             SH:  0    Dex:  9    Spells: 9/9 levels left

rFire   . .          .
                       - Unarmed
rCold   . . .        (no shield)
rNeg    . . .        a - +0 animal skin
rPois   .            (helmet restricted)
rElec   .            (no cloak)
rCorr   .            (gloves unavailable)
SInv    .            (boots unavailable)
Will    .....        (no amulet)
Stlth   +            (no ring)
HPRegen 1.18/turn    (no ring)
MPRegen 0.11/turn

%: no teleportation
@: lethally poisoned (0 -> -5), drained
A: large, unfitting armour, claws 3, regeneration 1, shaggy fur 1, tough skin 1
a: Renounce Religion, Berserk, Trog's Hand, Brothers in Arms


You were in the Dungeon.
You worshipped Trog.
Trog was exalted by your worship.
You visited 1 branch

Inventory:

Armour
 a - a +0 animal skin (worn)
Jewellery
 k - a +3 ring of intelligence
 l - a +3 ring of protection
Scrolls
 g - a scroll of blinking
 i - 2 scrolls of vulnerability
 j - a scroll of butterflies
Potions
 b - 7 potions of curing
 c - 10 potions of heal wounds
 d - a potion of haste
 e - 4 potions of magic
 f - 5 potions of berserk rage
 h - 2 potions of invisibility
 m - a potion of mutation
 n - a potion of might


   Skills:
 + Level 12.5 Fighting
 + Level 12.3 Dodging
 + Level 14.5 Unarmed Combat


You had 9 spell levels left.
You didn't know any spells.
Your spell library was empty.

Dungeon Overview and Level Annotations

Branches:
Dungeon (1/1)

Altars:
Ashenzari
Cheibriados
Dithmenos
Elyvilon
Fedhas
Gozag
Hepliaklqana
Kikubaaqudgha
Makhleb
Nemelex Xobeh
Okawaru
Qazlal
Ru
Sif Muna
Trog
Uskayaw
Vehumet
Wu Jian
Xom
Yredelemnul
Zin
The Shining One
Jiyva
Lugonu


Innate Abilities, Weirdness & Mutations

You are too large for most types of armour.
You have claws for hands.
Your natural rate of healing is unusually fast.
You are covered in fur. (AC +1)
You have tough skin. (AC +1)


Message History

You are poisoned.
The orc closely misses you.
You barely miss something.
You feel sick. Something hits you but does no damage.
You feel drained. The orc warrior misses you. The orc barely misses you.
You barely miss something.
You feel sick.
You closely miss something.
You feel sick. The orc hits you but does no damage.
The orc warrior hits you from afar with a +1 glaive of venom!
You are more poisoned.
Something hits you but does no damage.
You feel drained.
You miss something.
You feel sick. Something hits you but does no damage.
You feel drained. The orc barely misses you.
The orc warrior completely misses you.
You miss something.
You feel sick.
You hear some strange, mumbled words.
A magic dart appears from out of thin air!
The magic dart hits you. The orc barely misses you. The orc warrior misses you.
You miss something.
You feel sick.
You miss something.
You feel sick.
The orc warrior hits you from afar with a +1 glaive of venom!
* * * LOW HITPOINT WARNING * * *
You are more poisoned.
Something hits you but does no damage.
You feel drained. The orc hits you but does no damage.
You barely miss something.
You feel very sick. The orc hits you but does no damage.
Something hits you but does no damage.
You feel drained. The orc warrior misses you.
Unknown command.
You miss something.
You feel very sick.
You scratch the orc.
The orc is moderately wounded.
You feel very sick.
You hear some strange, mumbled words.
A magic dart appears from out of thin air!
The magic dart hits you!
* * * LOW HITPOINT WARNING * * *
The orc warrior hits you from afar with a +1 glaive of venom.
You die...

.....##..##........##
.....##++#...#..#...#
###### .............+
#######++#...#..#...# .
#..[[##..##........###.#
#!.[[##...###....###....
'..))##.....##..##.....#
#..))# #.....'..{o....#
#..))# #..†'..@)o.#
###### ############


You could see an orc warrior and an orc.

Vanquished Creatures
  Erolcha (D)
  A boulder beetle (D)
  A two-headed ogre (D)
  A deep elf pyromancer (D)
  A cane toad (D)
  An orange demon (D)
  2 kobold demonologists (D)
  An efreet (D)
  3 blink frogs (D)
  A floating eye (D)
  A black bear (D)
  2 sky beasts (D)
  A phantom (D)
  2 kobold brigands (D)
  A necrophage (D)
  2 orc priests (D)
  A hound (D)
  An orc wizard (D)
  2 iguanas (D)
  An adder (D)
  A white imp (D)
  An ufetubus (D)
  2 adder skeletons (D)
  2 worms (D)
  2 orcs (D)
  A ball python (D)
  A bat zombie (D)
  2 endoplasms (D)
  A giant cockroach (D)
  A hobgoblin (D)
  A quokka (D)
  A bat simulacrum (D)
  7 kobolds (D)
50 creatures vanquished.

Notes
Turn   | Place    | Note
-------+----------+-------------------------------------------
     0 | D        | sircluck the Troll Berserker began the quest for the Orb.
     0 | D        | Reached XP level 1. HP: 22/22 MP: 0/0
    19 | D        | Reached XP level 2. HP: 23/31 MP: 1/1
    23 | D        | Found a bloodstained altar of Trog.
    23 | D        | Found a shimmering blue altar of Sif Muna.
    23 | D        | Found a viscous altar of Jiyva.
    23 | D        | Found a hazy altar of Hepliaklqana.
    23 | D        | Found an opulent altar of Gozag.
    24 | D        | Found a glowing golden altar of the Shining One.
    24 | D        | Found a glowing silver altar of Zin.
    24 | D        | Found a basalt altar of Yredelemnul.
    24 | D        | Found a shimmering altar of Xom.
    24 | D        | Found an ornate altar of the Wu Jian Council.
    24 | D        | Found a sacrificial altar of Ru.
    24 | D        | Found a stormy altar of Qazlal.
    24 | D        | Found an iron altar of Okawaru.
    24 | D        | Found a sparkling altar of Nemelex Xobeh.
    24 | D        | Found a burning altar of Makhleb.
    24 | D        | Found a blossoming altar of Fedhas.
    24 | D        | Found a white marble altar of Elyvilon.
    24 | D        | Found a shadowy altar of Dithmenos.
    24 | D        | Found a snail-covered altar of Cheibriados.
    28 | D        | Found a corrupted altar of Lugonu.
    28 | D        | Found a radiant altar of Vehumet.
    29 | D        | Found a broken altar of Ashenzari.
    29 | D        | Found an ancient bone altar of Kikubaaqudgha.
    29 | D        | Found a hide-covered altar of Uskayaw.
    73 | D        | Reached skill level 4 in Unarmed Combat
    77 | D        | Reached ** piety under Trog
    83 | D        | Noticed a floating eye
    87 | D        | Killed a floating eye
    88 | D        | Reached skill level 5 in Fighting
    88 | D        | Reached skill level 5 in Dodging
    88 | D        | Reached skill level 6 in Unarmed Combat
    88 | D        | Reached XP level 3. HP: 25/42 MP: 2/2
    88 | D        | Reached XP level 4. HP: 30/50 MP: 3/3
    88 | D        | Reached *** piety under Trog
   151 | D        | Noticed a black bear
   169 | D        | Noticed a phantom
   186 | D        | Killed a black bear
   186 | D        | Reached **** piety under Trog
   187 | D        | Reached skill level 7 in Unarmed Combat
   187 | D        | Reached XP level 5. HP: 59/59 MP: 4/4
   191 | D        | Killed a phantom
   192 | D        | Reached skill level 8 in Unarmed Combat
   192 | D        | Reached XP level 6. HP: 71/71 MP: 5/5
   193 | D        | Reached ***** piety under Trog
   233 | D        | Noticed a boulder beetle
   245 | D        | Killed a boulder beetle
   246 | D        | Reached skill level 10 in Unarmed Combat
   246 | D        | Reached XP level 7. HP: 46/83 MP: 6/6
   289 | D        | Received a gift from Trog
   290 | D        | Reached XP level 8. HP: 92/92 MP: 7/7
   296 | D        | Reached skill level 11 in Unarmed Combat
   305 | D        | Noticed Erolcha
   305 | D        | Noticed a blink frog
   305 | D        | Noticed a blink frog
   305 | D        | Noticed a blink frog
   313 | D        | Killed a blink frog
   324 | D        | Killed Erolcha
   325 | D        | Reached skill level 10 in Fighting
   325 | D        | Reached skill level 10 in Dodging
   325 | D        | Reached skill level 12 in Unarmed Combat
   325 | D        | Reached XP level 9. HP: 57/102 MP: 8/8
   461 | D        | Received a gift from Trog
   465 | D        | Reached ****** piety under Trog
   550 | D        | Noticed a kobold demonologist
   559 | D        | Killed a kobold demonologist
   568 | D        | Noticed a deep elf pyromancer
   577 | D        | Noticed a two-headed ogre
   578 | D        | Noticed a kobold demonologist
   579 | D        | Killed a deep elf pyromancer
   579 | D        | Received a gift from Trog
   580 | D        | Reached skill level 13 in Unarmed Combat
   586 | D        | Killed a kobold demonologist
   592 | D        | Killed a two-headed ogre
   593 | D        | Reached XP level 10. HP: 48/115 MP: 9/9
   601 | D        | Received a gift from Trog
   606 | D        | Reached skill level 14 in Unarmed Combat
   678 | D        | Noticed an orange demon
   678 | D        | Noticed a cane toad
   683 | D        | Killed an orange demon
   686 | D        | Killed a cane toad
   779 | D        | Slain by an orc warrior

Illustrated notes

Levels and vault maps discovered:
D:        pitsprint [storerooms_1, entrance_room_1, metal_vault_4, armoury_1,
          mini_pit_1, grid_room_1, main_hall_1, silver_pit, the_coven_1,
          the_vestibule_1, steel_vault_2, golden_pit, hallway_of_sentries,
          crystal_vault_1, iron_vault_4, final_vault]

Skill      XL: |  1  2  3  4  5  6  7  8  9 10 |
---------------+-------------------------------+-----
Fighting       | 3 5 6 7 9 10 11 12 | 12.5
Dodging        | 3 5 6 8 9 10 11 12 | 12.3
Unarmed Combat | 6 7 8 10 12 13 14 | 14.5

Action                     |  1- 3 |  4- 6 |  7- 9 | 10-12 || total
---------------------------+-------+-------+-------+-------++-------
  Melee: Unarmed           |    16 |    44 |    46 |    41 ||   147
         Punch             |       |     1 |     2 |     2 ||     5
 Invoke: Berserk           |       |     2 |     2 |     1 ||     5
 Armour: Animal skin       |    16 |    21 |    23 |    37 ||    97
  Dodge: Dodged            |    10 |    13 |    19 |    32 ||    74

Table legend: (Time is in decaauts)
 A = Elapsed time spent in this place.
 B = Non-inter-level travel time spent in this place.
 C = Inter-level travel time spent in this place.
 D = Time resting spent in this place.
 E = Time spent auto-exploring this place.
 F = Levels seen in this place.
 G = Mean time per level.
                   A        B        C        D        E       F      G
               +--------+--------+--------+--------+--------+-----+--------+
         Total |    801 |    801 |      0 |    359 |    168 |   1 |  801.0 |
       Dungeon |    801 |    801 |      0 |    359 |    168 |   1 |  801.0 |
               +--------+--------+--------+--------+--------+-----+--------+

Top non-repeatable levels by time:
       D: 801 daAuts
